 Dungeon Crawl Stone Soup version 0.22-a0-443-g17c3723 (webtiles) character file.

582 4thArraOfDagon the Chopper (level 7, -3/66 HPs)
             Began as a Deep Dwarf Berserker on May 31, 2018.
             Was a Believer of Trog.
             Slain by a mummy (9 damage)
             ... in an ossuary.
             The game lasted 00:03:52 (652 turns).

4thArraOfDagon the Chopper (Deep Dwarf Berserker)    Turns: 652, Time: 00:03:52

Health: -3/66      AC:  7    Str: 22    XL:     7   Next: 14%
Magic:  5/5        EV: 10    Int:  8    God:    Trog [**....]
Gold:   7          SH:  0    Dex: 12    Spells: 6/6 levels left

rFire    . . .     SeeInvis .   a - +0 hand axe
rCold    . . .     Gourm    .   (no shield)
rNeg     . . .     Faith    .   k - +0 scale mail
rPois    .         Spirit   .   e - +0 helmet
rElec    .         Reflect  .   (no cloak)
rCorr    .         Harm     .   (no gloves)
MR       +....                  (no boots)
Stlth    ..........             (no amulet)
HPRegen  0.00/turn              (no ring)
MPRegen  0.09/turn              (no ring)

@: starving, non-regenerating
A: damage resistance, heal wounds, sense surroundings 1, no regeneration
a: Heal Wounds, Berserk, Trog's Hand, Renounce Religion


You were in an ossuary.
You worshipped Trog.
Trog was pleased with you.
You were starving.

You visited 1 branch of the dungeon, and saw 5 of its levels.
You also visited: Ossuary.

You collected 117 gold pieces.
You spent 110 gold pieces at shops.

Inventory:

Hand Weapons
 a - a +0 hand axe (weapon)
 m - a +0 executioner's axe
Armour
 b - a +0 animal skin
 e - a +0 helmet (worn)
 h - a +0 ring mail
 k - a +0 scale mail (worn)
Jewellery
 d - a cursed amulet of inaccuracy {unknown}
Scrolls
 c - a scroll of random uselessness {unknown}
 g - a scroll of remove curse {unknown}
 i - a scroll of identify
 l - 2 scrolls of amnesia
 o - a scroll of noise {unknown}
Potions
 f - a potion of curing
 j - 4 potions of invisibility {unknown}
 n - a potion of heal wounds {unknown}


   Skills:
 + Level 4.8 Fighting
 * Level 7.6 Axes
 - Level 2.1 Armour
 - Level 2.1 Dodging


You had 6 spell levels left.
You didn't know any spells.
Your spell library was empty.

Dungeon Overview and Level Annotations

Branches:
Dungeon (5/15)
 Temple: D:4-7

Altars:
Okawaru
Uskayaw

Shops:
D:5 (


Innate Abilities, Weirdness & Mutations

You are resistant to damage.
You can heal yourself by infusing magical energy.
You passively map a small area around you.
You do not regenerate.


Message History

The mummy is moderately damaged.
You hit the mummy.
The mummy is moderately damaged.
The mummy hits you!
You hit the mummy.
The mummy is severely damaged.
You completely miss the mummy.
The mummy is severely damaged.
The mummy hits you!
* * * LOW HITPOINT WARNING * * *
You hit the mummy.
The mummy is severely damaged.
You hit the mummy but do no damage.
The mummy is severely damaged.
The mummy hits you!
* * * LOW HITPOINT WARNING * * *
You hit the mummy but do no damage.
The mummy is severely damaged.
The mummy hits you!
You die...

*##≈#≈≈ ≈#≈#≈≈ ##
#≈≈≈# ≈# ### ≈
#≈≈###≈###≈#
*≈##≈≈≈≈#≈#≈≈≈#### ≈
#≈.#.≈P≈P≈P≈.#.#
##≈.#≈≈≈#.≈≈#'#'###
*#P.≈.≈.≈≈≈.≈≈ZM.'.#
####.##≈##'##'##@###
≈≈P.≈#...#.# #.'.#
≈##≈≈#.∩.###, #.###
#≈...#..∩#. , #.'.#
≈≈≈≈≈#####'#####.###
##P.≈≈≈≈.........'.#
≈≈≈#≈#####'#####.###
≈#.'≈#...#.#...#.'.#
≈###.#...###...#.###


You could see a mummy and a killer bee zombie.

Vanquished Creatures
  3 centaur zombies (Ossuary)
  5 bullfrog zombies (Ossuary)
  12 mummies (Ossuary)
  A killer bee zombie (Ossuary)
  2 howler monkey zombies (Ossuary)
  2 worker ant zombies (Ossuary)
  2 adders (D:2)
  4 adder zombies (Ossuary)
  A leopard gecko (D:2)
  5 orcs
  2 giant cockroaches
  A goblin (D:2)
  3 hobgoblins
  4 jackals (D:3)
  A bat (D:3)
  2 frilled lizards
  A jackal skeleton (D:5)
  A jackal zombie (Ossuary)
  A quokka zombie (Ossuary)
  2 rats
55 creatures vanquished.

Notes
Turn   | Place    | Note
-------+----------+-------------------------------------------
     0 | D:1      | 4thArraOfDagon the Deep Dwarf Berserker began the quest for the Orb.
     0 | D:1      | Reached XP level 1. HP: 20/20 MP: 1/1
    49 | D:2      | Reached XP level 2. HP: 27/27 MP: 2/2
    50 | D:2      | Reached skill level 4 in Axes
   118 | D:3      | Reached XP level 3. HP: 25/34 MP: 3/3
   159 | D:3      | Reached ** piety under Trog
   217 | D:4      | Found a hide-covered altar of Uskayaw.
   231 | D:4      | Found an iron altar of Okawaru.
   258 | D:4      | Noticed a scorpion
   322 | D:5      | Entered Level 5 of the Dungeon
   322 | D:5      | Found Fewnoreq's Weapon Emporium.
   345 | D:5      | Bought a +0 executioner's axe for 110 gold pieces
   354 | D:5      | Found a sand-covered staircase.
   360 | Ossuary  | Entered an ossuary
   371 | Ossuary  | Reached XP level 4. HP: 42/42 MP: 3/3
   373 | Ossuary  | Reached skill level 5 in Axes
   391 | Ossuary  | Reached XP level 5. HP: 25/50 MP: 4/4
   421 | Ossuary  | Reached skill level 6 in Axes
   439 | Ossuary  | Reached XP level 6. HP: 33/57 MP: 4/4
   529 | Ossuary  | Reached skill level 7 in Axes
   545 | Ossuary  | Reached XP level 7. HP: 25/66 MP: 5/5
   652 | Ossuary  | Slain by a mummy

Vault maps used:
D:1:      lightli_arrival_chessboard, minivault_24
D:2:      nicolae_overflow_crystal_walls, nicolae_overflow_hidden_temple,
          first_ration
D:3:      serial_co_window_serial, co_window_corner_a,
          co_window_of_opportunity_a, co_window_paths_b, co_window_paths_b,
          co_window_paths_b, co_window_corner_a, co_window_broadway_b,
          co_window_unsneaky_path_a, co_window_unsneaky_path_a,
          co_window_of_opportunity_c, co_window_of_opportunity_b,
          co_window_paths_d, co_window_paths_e, glass_columns_a,
          chequers_ecumenical_altar_island, supply_closet_lemuel
D:4:      grunt_temple_overflow_open, serial_shops,
          nicolae_shop_competitors_out_of_business, shop, shop_fountains,
          uniq_eustachio, uniq_sigmund, uniq_menkaure, uniq_blork_the_orc
D:5:      serial_shops, shop, shop_fountains, nicolae_shop_stone, shop,
          shop_coins, nicolae_ossuary_entry_plus
Ossuary:  ossuary_zaba_flooded

Skill      XL: |  1  2  3  4  5  6 |
---------------+-------------------+-----
Fighting       | 3 4 |  4.8
Axes           | 4 5 6 7 |  7.6
Armour         | |  2.1
Dodging        | |  2.1

Action                   |  1- 3 |  4- 6 |  7- 9 || total
-------------------------+-------+-------+-------++-------
Melee: Hand axe          |    44 |   106 |    57 ||   207
       Executioner's axe |     3 |     3 |       ||     6
Invok: Berserk           |     2 |     2 |       ||     4
       Trog's Hand       |       |     6 |     1 ||     7
 Abil: Heal Wounds       |     2 |     1 |       ||     3
  Use: Scroll            |     4 |       |       ||     4
       Potion            |     1 |       |       ||     1
  Eat: Ration            |       |     1 |       ||     1
Armor: Animal skin       |     6 |       |       ||     6
       Scale mail        |     1 |    62 |    14 ||    77
       Ring mail         |     1 |       |       ||     1
Dodge: Dodged            |    43 |    74 |    24 ||   141

Table legend:
 A = Spawn XP
 B = Non-spawn XP
 C = Spawn XP percentage of total XP
 D = Spawn monster count
 E = Non-spawn monster count
 F = Spawn count percentage of total count
 G = Total turns spent on level
                    A         B        C        D         E        F      G
               +---------+---------+-------+---------+---------+-------+---------
         Total |       0 |     832 |   0.0 |       0 |      55 |   0.0 |   652
               +---------+---------+-------+---------+---------+-------+---------
           D:2 |       0 |      37 |   0.0 |       0 |       8 |   0.0 |    77
           D:3 |       0 |      28 |   0.0 |       0 |      13 |   0.0 |   126
           D:4 |       0 |       4 |   0.0 |       0 |       2 |   0.0 |   107
           D:5 |       0 |       1 |   0.0 |       0 |       1 |   0.0 |    38
       Ossuary |       0 |     762 |   0.0 |       0 |      31 |   0.0 |   292
               +---------+---------+-------+---------+---------+-------+---------
